 Dungeon Crawl Stone Soup version 0.21-a0-471-gd587bd5 (webtiles) character file.

389 vineage the Cudgeler (level 6, -2/37 HPs)
             Began as a Gargoyle Fighter on Nov 21, 2017.
             Slain by a worker ant (4 damage)
             ... on level 4 of the Dungeon.
             The game lasted 00:03:38 (2819 turns).

vineage the Cudgeler (Gargoyle Fighter)             Turns: 2819, Time: 00:03:39

Health: -2/37      AC: 13    Str: 22    XL:     6   Next: 79%
Magic:  6/6        EV:  7    Int:  8    God:
Gold:   193        SH:  9    Dex: 13    Spells: 5/5 levels left

rFire    . . .     SeeInvis .   a - +0 flail
rCold    . . .     Gourm    .   c - +0 shield
rNeg     + + .     Faith    .   b - +0 scale mail
rPois    ∞         Spirit   .   e - +0 helmet
rElec    +         Reflect  .   u - +0 cloak
rCorr    .         Harm     .   (no gloves)
MR       .....                  (no boots)
Stlth    ..........             (no amulet)
HPRegen  0.12/turn              h - +4 ring of dexterity
MPRegen  0.10/turn              v - ring of positive energy

@: very slightly contaminated, invisible
A: negative energy resistance 1, electricity resistance, unbreathing,
petrification resistance, rot immunity, AC +4
a: no special abilities


You were on level 4 of the Dungeon.
You were very hungry.

You visited 1 branch of the dungeon, and saw 4 of its levels.

You collected 193 gold pieces.

Inventory:

Hand Weapons
 a - a +0 flail (weapon)
Armour
 b - a +0 scale mail (worn)
 c - a +0 shield (worn)
 e - a +0 helmet (worn)
 u - a +0 cloak (worn)
Jewellery
 h - a +4 ring of dexterity (left hand)
 v - a ring of positive energy (right hand)
Wands
 k - a wand of enslavement (17)
Scrolls
 g - a scroll of fear {unknown}
 m - 3 scrolls of identify {unknown}
 s - a scroll of noise
 t - 3 scrolls of remove curse
 w - a scroll of amnesia {unknown}
Potions
 d - a potion of might
 j - 3 potions of curing {unknown}
 l - a potion of magic {unknown}
 n - a potion of invisibility
 o - a potion of agility {unknown}
 p - a potion of flight {unknown}
 q - a potion of haste {unknown}
 r - a potion of mutation {unknown}
Comestibles
 f - 3 bread rations
 i - a meat ration


   Skills:
 - Level 3.2 Fighting
 + Level 7.0 Maces & Flails
 - Level 3.2 Armour
 - Level 3.2 Shields


You had 5 spell levels left.
You didn't know any spells.

Dungeon Overview and Level Annotations

Branches:
Dungeon (4/15)
 Temple: D:4-7

Altars:
Gozag
Nemelex Xobeh
Qazlal
Ru


Innate Abilities, Weirdness & Mutations

You are resistant to torment.
Your stone body is resilient. (AC +4)
You are immune to poison.
You resist negative energy. (rN+)
You are resistant to electric shocks. (rElec)
You can survive without breathing.
You are immune to petrification.
You are immune to rotting.


Message History

You hit the orc priest but do no damage.
The worker ant bites you.
The orc priest hits you but does no damage.
The ogre hits you with a giant spiked club!!
Ouch! That really hurt!
* * * LOW HITPOINT WARNING * * *
The worker ant bites you.
* * * LOW HITPOINT WARNING * * *
You fade into invisibility!
You block the orc priest's attack. The worker ant closely misses you.
The ogre barely misses you.
You are very lightly contaminated with residual magic.
As you read the scroll labeled BOJ ISCHAOPP, it crumbles to dust.
You feel blessed for a moment.
It was a scroll of remove curse.
The orc priest hits you but does no damage.
The worker ant bites you but does no damage.
As you read the scroll labeled AMOAMO RIVAXT, it crumbles to dust.
You hear a loud clanging noise!
It was a scroll of noise.
The worker ant bites you.
You die...

#........................<....
##########.......>............
#........##.#.........#
#........##.#..###.##.#
#........####..# #.##.
#........# #..# # #........#
#... ##.....### ...# #....@#
#...aoO...... #%........._.
#............ #.(..........
######.._..⌠. ....... #.._...


You could see an ogre, a worker ant and an orc priest.

Vanquished Creatures
  Sigmund (D:2)
  An orc priest (D:4)
  An orc wizard (D:3)
  Crazy Yiuf (D:3)
  Jessica (D:2)
  A worker ant (D:4)
  3 adders (D:3)
  2 worms
  A dart slug (D:1)
  2 leopard geckos
  9 orcs
  5 giant cockroaches
  8 goblins
  6 hobgoblins
  4 jackals
  A quokka (D:4)
  6 bats
  4 frilled lizards
  5 kobolds
  3 rats
65 creatures vanquished.

Notes
Turn   | Place    | Note
-------+----------+-------------------------------------------
     0 | D:1      | vineage the Gargoyle Fighter began the quest for the Orb.
     0 | D:1      | Reached XP level 1. HP: 14/14 MP: 1/1
    29 | D:1      | You fall through a shaft!
    48 | D:2      | Reached XP level 2. HP: 14/19 MP: 2/2
    56 | D:2      | Noticed Jessica
    72 | D:2      | Killed Jessica
    72 | D:2      | Reached skill level 3 in Maces & Flails
    72 | D:2      | Reached XP level 3. HP: 11/23 MP: 3/3
   357 | D:2      | Found a sacrificial altar of Ru.
   812 | D:2      | Noticed Sigmund
   822 | D:2      | Killed Sigmund
   822 | D:2      | Reached skill level 5 in Maces & Flails
   822 | D:2      | Reached XP level 4. HP: 16/28 MP: 4/4
   822 | D:2      | Reached XP level 5. HP: 18/32 MP: 5/5
   979 | D:2      | You fall through a shaft for 2 floors!
   986 | D:4      | Reached skill level 6 in Maces & Flails
   988 | D:4      | Reached XP level 6. HP: 36/37 MP: 6/6
  2151 | D:3      | Found a runed door.
  2155 | D:3      | Noticed Crazy Yiuf
  2168 | D:3      | Killed Crazy Yiuf
  2618 | D:4      | Reached skill level 7 in Maces & Flails
  2806 | D:4      | Found a sparkling altar of Nemelex Xobeh.
  2808 | D:4      | Found an opulent altar of Gozag.
  2808 | D:4      | Found a stormy altar of Qazlal.
  2819 | D:4      | Slain by a worker ant

Vault maps used:
D:1:      dpeg_arrival_shelter, minmay_heptomino_d4
D:2:      hangedman_ru_absence, uniq_jessica, uniq_sigmund
D:3:      nrook_loot_triangle, hangedman_glass_teeth, grunt_ministairs_10,
          uniq_crazy_yiuf_cottage
D:4:      grunt_temple_overflow_open, first_bread

Skill      XL: |  1  2  3  4  5  6 |
---------------+-------------------+-----
Maces & Flails | 3 5 6 7 |  7.0
Fighting       | |  3.2
Armour         | |  3.2
Shields        | |  3.2

Action                   |  1- 3 |  4- 6 || total
-------------------------+-------+-------++-------
Melee: Flail             |    86 |   178 ||   264
  Use: Scroll            |       |     2 ||     2
       Potion            |       |     1 ||     1
  Eat: Chunk             |       |     5 ||     5
Armor: Scale mail        |    52 |    92 ||   144
Dodge: Dodged            |    31 |    62 ||    93
Block: Shield            |    45 |    82 ||   127

Table legend:
 A = Spawn XP
 B = Non-spawn XP
 C = Spawn XP percentage of total XP
 D = Spawn monster count
 E = Non-spawn monster count
 F = Spawn count percentage of total count
 G = Total turns spent on level
                    A         B        C        D         E        F      G
               +---------+---------+-------+---------+---------+-------+---------
         Total |       0 |     556 |   0.0 |       0 |      65 |   0.0 |  2819
               +---------+---------+-------+---------+---------+-------+---------
           D:1 |       0 |      36 |   0.0 |       0 |      19 |   0.0 |   543
           D:2 |       0 |     266 |   0.0 |       0 |      13 |   0.0 |  1241
           D:3 |       0 |     160 |   0.0 |       0 |      24 |   0.0 |   711
           D:4 |       0 |      94 |   0.0 |       0 |       9 |   0.0 |   324
               +---------+---------+-------+---------+---------+-------+---------
